 Dungeon Crawl Stone Soup version 0.29-a0-113-g078de9bc30 (webtiles) character file.

Game seed: 7103590708525783335

75 Straiff the Vexing (level 4, 0/34 HPs)
             Began as a Gnoll Arcane Marksman on Feb 18, 2022.
             Slain by Natasha (8 damage)
             ... on level 2 of the Dungeon.
             The game lasted 00:17:03 (1876 turns).

Straiff the Vexing (Gnoll Arcane Marksman)          Turns: 1876, Time: 00:17:03

Health: 0/34       AC:  2    Str:  9    XL:     4   Next: 31%
Magic:  7/8        EV: 13    Int: 13    God:
Gold:   27         SH:  5    Dex: 14    Spells: 8/9 levels left

rFire   + . .      SeeInvis .   e - +0 short sword
rCold   x . .      Faith    .   (no shield)
rNeg    . . .      Spirit   .   d - +0 robe
rPois   .          Reflect  +   (no helmet)
rElec   .          Harm     .   (no cloak)
rCorr   .          Rampage  .   (no gloves)
Will    .....                   (no boots)
Stlth   ++........              g - amulet of reflection
HPRegen 0.11/turn               l - ring of fire
MPRegen 0.11/turn               (no ring)

@: slowed, very slow
A: fangs 1, strong nose, distributed training
a: no special abilities


You were on level 2 of the Dungeon.
You visited 1 branch of the dungeon, and saw 2 of its levels.

You collected 27 gold pieces.

Inventory:

Hand Weapons
 a - a +0 shortbow
 e - a +0 short sword (weapon)
 i - a +0 hunting sling
Missiles
 c - 75 arrows
 h - 79 stones
 k - 2 boomerangs
 n - 6 poisoned darts
Armour
 d - a +0 robe (worn)
Jewellery
 g - an amulet of reflection (around neck)
 l - a ring of fire (left hand)
Scrolls
 j - a scroll of noise {unknown}
Potions
 b - a potion of curing {unknown}
 f - a potion of degeneration {unknown}
 m - a potion of attraction {unknown}
 o - a potion of might {unknown}
 p - a potion of berserk rage {unknown}


   Skills:
 + Level 2.7 Fighting
 + Level 1.1 Short Blades
 + Level 1.1 Long Blades
 + Level 1.1 Axes
 + Level 1.1 Maces & Flails
 + Level 1.1 Polearms
 + Level 1.1 Staves
 + Level 1.1 Slings
 + Level 4.6 Bows
 + Level 1.1 Crossbows
 + Level 1.1 Throwing
 + Level 1.1 Armour
 + Level 4.6 Dodging
 + Level 1.1 Stealth
 + Level 1.1 Shields
 + Level 1.1 Unarmed Combat
 + Level 3.0 Spellcasting
 + Level 0.8 Conjurations
 + Level 5.4 Hexes
 + Level 0.8 Summonings
 + Level 0.8 Necromancy
 + Level 0.8 Translocations
 + Level 0.8 Transmutations
 + Level 0.8 Fire Magic
 + Level 0.8 Ice Magic
 + Level 0.8 Air Magic
 + Level 0.8 Earth Magic
 + Level 0.8 Poison Magic
 + Level 1.2 Invocations
 + Level 1.1 Evocations


You had 8 spell levels left.
You knew the following spells:

 Your Spells              Type           Power      Damage    Failure   Level
a - Slow                  Hex            64%        N/A       2%          1

Your spell library contained the following spells:

 Spells                   Type           Power      Damage    Failure   Level
 Dazzling Flash           Conj/Hex       20%        N/A       19%         3
 Inner Flame              Hex/Fire       15%        N/A       19%         3
 Portal Projectile        Hex/Tloc       20%        N/A       19%         3
 Cause Fear               Hex            8%         N/A       24%         4
 Iskenderun's Mystic Bla  Conj/Tloc      4%         2d3       85%         4
 Starburst                Conj/Fire      3%         6d3       100%        6


Dungeon Overview and Level Annotations

Branches:
Dungeon (2/15)

Altars:

Annotations:
D:2 Natasha


Innate Abilities, Weirdness & Mutations

You have very sharp teeth.
Your uncanny sense of smell can sniff out nearby items.
Your experience applies equally to all skills.


Message History

Fire: 79 arrows
Press: ? - help, Q - select action, (/) - cycle Shift-Dir - straight line, f/p - Natasha
Aim: Natasha (lightly wounded, slow, 55% to hit)
You shoot an arrow. The arrow hits Natasha.
Natasha is heavily wounded.
Natasha closely misses you. The iron imp closely misses you.
Fire: 78 arrows
Press: ? - help, Q - select action, (/) - cycle Shift-Dir - straight line, f/p - Natasha
Aim: Natasha (heavily wounded, slow, 55% to hit)
You shoot an arrow. The arrow barely misses Natasha.
Natasha claws you. The iron imp closely misses you.
Unknown command.
Fire: 77 arrows
Press: ? - help, Q - select action, (/) - cycle Shift-Dir - straight line, f/p - Natasha
Aim: Natasha (heavily wounded, slow, 55% to hit)
You shoot an arrow. The arrow closely misses Natasha.
Natasha claws you! You block the iron imp's attack.
Unknown command.
Fire: 76 arrows
Press: ? - help, Q - select action, (/) - cycle Shift-Dir - straight line, f/p - Natasha
Aim: Natasha (heavily wounded, slow, 55% to hit)
You shoot an arrow. The arrow barely misses Natasha.
The iron imp misses you.
Natasha mumbles some strange words.
You feel troubled. Natasha claws you! The iron imp closely misses you.
e - a +0 short sword (weapon)
Natasha closely misses you.
You completely miss Natasha. Your bite misses Natasha.
Natasha is heavily wounded.
The iron imp barely misses you. Natasha closely misses you.
You hit Natasha.
Natasha is severely wounded.
The iron imp misses you. Natasha claws you.
* * * LOW HITPOINT WARNING * * *
The iron imp closely misses you.
You closely miss Natasha. Your bite misses Natasha.
Natasha is severely wounded.
Natasha claws you!
You die...

##### #...# ....#
#...####
.......###########
...............h.#
.......#### #@#
#...#### #####5###
....# #^...#..#
#.>.# #.#.###.##
##### #..## ##.##
#.## ##.# #..##
##.## #.#.###.##
#....#..#


You could see an iron imp (summoned) and Natasha (slow).

Vanquished Creatures
  An orc wizard (D:2)
  A worm (D:2)
  3 dart slugs
  An orc (D:2)
  5 bats
  5 endoplasms
  2 giant cockroaches (D:1)
  2 goblins
  A hobgoblin (D:1)
  4 kobolds (D:1)
  2 quokkas
  5 ball pythons
  A frilled lizard (D:1)
  8 rats
41 creatures vanquished.

Notes
Turn   | Place    | Note
-------+----------+-------------------------------------------
     0 | D:1      | Straiff the Gnoll Arcane Marksman began the quest for the
                  | Orb.
     0 | D:1      | Reached XP level 1. HP: 17/17 MP: 4/4
   230 | D:1      | Reached XP level 2. HP: 23/23 MP: 5/5
   639 | D:1      | Reached XP level 3. HP: 28/28 MP: 5/7
  1285 | D:2      | Reached skill level 1 in Invocations
  1626 | D:2      | Reached skill level 1 in Short Blades
  1626 | D:2      | Reached skill level 1 in Long Blades
  1626 | D:2      | Reached skill level 1 in Axes
  1626 | D:2      | Reached skill level 1 in Maces & Flails
  1626 | D:2      | Reached skill level 1 in Polearms
  1626 | D:2      | Reached skill level 1 in Staves
  1626 | D:2      | Reached skill level 1 in Slings
  1626 | D:2      | Reached skill level 1 in Crossbows
  1626 | D:2      | Reached skill level 1 in Throwing
  1626 | D:2      | Reached skill level 1 in Armour
  1626 | D:2      | Reached skill level 1 in Stealth
  1626 | D:2      | Reached skill level 1 in Shields
  1626 | D:2      | Reached skill level 1 in Unarmed Combat
  1626 | D:2      | Reached skill level 1 in Evocations
  1626 | D:2      | Reached XP level 4. HP: 31/34 MP: 6/8
  1860 | D:2      | Noticed Natasha
  1876 | D:2      | Slain by Natasha

Illustrated notes

Levels and vault maps discovered:
D:1:      dpeg_arrival_rooms_a, layout_basic
D:2:      layout_loops_cross, shapermc_ecumenical_altar_pompeii, basic_altar,
          uniq_natasha, uniq_jessica

Skill      XL: |  1  2  3  4 |
---------------+-------------+-----
Invocations    | 1 |  1.2
Short Blades   | 1 |  1.1
Long Blades    | 1 |  1.1
Axes           | 1 |  1.1
Maces & Flails | 1 |  1.1
Polearms       | 1 |  1.1
Staves         | 1 |  1.1
Slings         | 1 |  1.1
Crossbows      | 1 |  1.1
Throwing       | 1 |  1.1
Armour         | 1 |  1.1
Stealth        | 1 |  1.1
Shields        | 1 |  1.1
Unarmed Combat | 1 |  1.1
Evocations     | 1 |  1.1
Spellcasting   | 3 |  3.0
Fighting       | |  2.7
Bows           | |  4.6
Dodging        | |  4.6
Conjurations   | |  0.8
Hexes          | |  5.4
Summonings     | |  0.8
Necromancy     | |  0.8
Translocations | |  0.8
Transmutations | |  0.8
Fire Magic     | |  0.8
Ice Magic      | |  0.8
Air Magic      | |  0.8
Earth Magic    | |  0.8
Poison Magic   | |  0.8

Action                   |  1- 3 |  4- 6 || total
-------------------------+-------+-------++-------
Melee: Short sword       |       |     3 ||     3
 Fire: Shortbow          |   129 |    32 ||   161
 Cast: Slow              |    19 |     3 ||    22
Armor: Robe              |     9 |     2 ||    11
Dodge: Dodged            |    36 |    22 ||    58
Block: Other             |    12 |     3 ||    15
       Reflection        |     1 |       ||     1

Table legend: (Time is in decaauts)
 A = Elapsed time spent in this place.
 B = Non-inter-level travel time spent in this place.
 C = Inter-level travel time spent in this place.
 D = Time resting spent in this place.
 E = Time spent auto-exploring this place.
 F = Levels seen in this place.
 G = Mean time per level.
                   A        B        C        D        E       F      G
               +--------+--------+--------+--------+--------+-----+--------+
         Total |   1891 |   1891 |      0 |    227 |    435 |   2 |  945.5 |
       Dungeon |   1891 |   1891 |      0 |    227 |    435 |   2 |  945.5 |
               +--------+--------+--------+--------+--------+-----+--------+

Top non-repeatable levels by time:
     D:1: 1224 daAuts
     D:2: 667 daAuts
